 Dungeon Crawl Stone Soup version 0.14.0-24-gfb45beb (console) character file.

279 nht the Insei (level 5, -2/37 HPs)
             Began as a Demonspawn Transmuter on Apr 23, 2014.
             Was a Believer of Nemelex Xobeh.
             Slain by Klorghar the merfolk
             ... wielding a +0,+0 trident
             ... created by the player character
              (23 damage)
             ... on Level 1 of the Dungeon.
             The game lasted 00:07:36 (3289 turns).

nht the Insei (Demonspawn Transmuter)               Turns: 3289, Time: 00:07:36

HP  -2/37        AC  3     Str 10      XL: 5   Next: 41%
MP   0/9         EV 12     Int 15      God: Nemelex Xobeh [**....]
Gold 88          SH  0     Dex 14      Spells:  2 memorised,  4 levels left

rFire  . . .     SeeInvis .     k - plain deck of changes {drawn: 5}
rCold  . . .     Clarity  .     c - +0 robe
rNeg   . . .     Conserve .     (no shield)
rPois  .         rCorr    .     (no helmet)
rElec  .         rRot     .     (no cloak)
SustAb . .       Spirit   +     (no gloves)
rMut   .         Warding  .     (no boots)
Saprov . . .     Stasis   .     l - amulet of guardian spirit
MR     .....                    (no ring)
                                (no ring)

@: not resistant to hostile enchantments, unstealthy
A: claws 2, molten scales 1, evolution 1
a: Draw One, Peek at Two, Renounce Religion


You were on level 1 of the Dungeon.
You worshipped Nemelex Xobeh.
Nemelex Xobeh was pleased with you.
You were near starving.

You visited 1 branch of the dungeon, and saw 4 of its levels.

You collected 88 gold pieces.

Inventory:

Missiles
 f - 8 curare-tipped needles
 q - 7 steel javelins (quivered)
Armour
 c - a +0 robe (worn)
Comestibles
 a - 2 bread rations
Scrolls
 b - a scroll of noise {unknown}
 e - a scroll of immolation {unknown}
 g - a scroll of enchant weapon I {unknown}
 j - a scroll of magic mapping {unknown}
 m - a scroll of fear {unknown}
 o - a scroll of teleportation {unknown}
 p - 3 scrolls of recharging
 s - a scroll of remove curse
Jewellery
 l - an amulet of guardian spirit (around neck)
Potions
 h - 3 potions of curing
 i - 6 potions of haste
 n - a potion of porridge
Books
 d - a book of Changes

   Spells                             Type                      Level
   *Beastly Appendage                 Transmutation                1
   Sticks to Snakes                   Transmutation                2
   *Spider Form                       Transmutation/Poison         3
   Ice Form                           Ice/Transmutation            4
   Blade Hands                        Transmutation                5
Miscellaneous
 k - a plain deck of changes {drawn: 5} (in claw)


   Skills:
 - Level 1.0 Fighting
 - Level 1.7 Dodging
 * Level 4.7 Unarmed Combat
 - Level 2.0 Spellcasting
 + Level 3.2 Transmutations
 + Level 1.0 Evocations


You had 4 spell levels left.
You knew the following spells:

 Your Spells              Type           Power        Failure   Level  Hunger
a - Beastly Appendage     Trmt           ##....       8%          1    #......
b - Spider Form           Trmt/Pois      #.........   34%         3    ####...


Dungeon Overview and Level Annotations

Branches:
Dungeon (4/15)
 Temple: D:4-7

Altars:
Nemelex Xobeh


Innate Abilities, Weirdness & Mutations

You have very sharp fingernails.*
You are partially covered in molten scales (AC +1).*
You evolve.


Message History

You draw a card...
It is Dowsing.
You feel telepathic!
You draw a card...
It is the Mercenary.
You cannot afford Klorghar's fee of 306 gold!
Klorghar attacks!
Klorghar the merfolk comes into view. It is wielding a trident.
Read which item? (? for menu, Esc to quit)
As you read the scroll labeled RULIHI CREM UJEOLE, it crumbles to dust.
It is a scroll of recharging.
You aren't carrying any rechargeable items.
Klorghar hits you from afar with a trident!
Read which item? (? for menu, Esc to quit)
As you read the scroll labeled GRONANTUGE, it crumbles to dust.
You feel blessed for a moment.
It was a scroll of remove curse.
Read which item? (? for menu, Esc to quit)
Okay, then.
You draw a card...
It is Water.
You create a pond!
Klorghar hits you from afar with a trident!
Ouch! That really hurt!
You die...
Your body disappears without a glow.

········▒ ▒·▒
▒·▒·▒
▒▒···▒▒▒
▒▒▒···▒▒▒
▒·▒▒▒·▒·▒
▒▒'▒▒▒▒
▒·····▒
▒·······▒
▒·····
▒·····▒
▒▒▒▒▒·▒▒▒
▒·▒▒▒▒
▒▒·····▒ ▒≈▒
▒▒·▒▒ ▒
▒▒▒···▒▒ ▒≈▒
▒▒▒▒▒▒▒···▒▒▒
▒ ▒▒·▒▒ ▒m▒
▒·····%······
▒ ▒·▒ ▒·▒
▒·▒▒▒▒▒···▒··
▒▒▒▒·▒
▒@▒▒▒▒·▒
▒▒·▒·▒·
·····▒
▒·≈·≈··▒
▒····· ▒▒▒▒▒▒
▒▒▒▒▒▒▒▒
▒▒▒·▒▒ ▒ ▒▒·▒
▒▒· ▒▒


You could see Klorghar the merfolk.

Vanquished Creatures
  2 orc priests (D:3)
  Terence (D:2)
  2 gnolls (D:2)
  2 adders
  An inept item mimic (D:3)
  2 worms (D:2)
  3 orcs
  2 ball pythons
  5 bats
  5 giant cockroaches
  7 goblins
  9 hobgoblins
  3 jackals (D:1)
  4 giant geckos
  2 giant newts
  8 kobolds
  10 rats
68 creatures vanquished.

Notes
Turn   | Place    | Note
--------------------------------------------------------------
     0 | D:1      | nht, the Demonspawn Transmuter, began the quest for the Orb.
     0 | D:1      | Reached XP level 1. HP: 15/15 MP: 3/3
   152 | D:1      | Reached skill level 3 in Unarmed Combat
   152 | D:1      | Gained mutation: You are partially covered in molten scales (AC +1). [demonic ancestry]
   152 | D:1      | Reached XP level 2. HP: 8/21 MP: 2/4
   957 | D:2      | Reached XP level 3. HP: 22/26 MP: 4/6
  1001 | D:2      | Noticed Terence
  1135 | D:2      | You fall through a shaft!
  1608 | D:3      | Gained mutation: You have sharp fingernails. [demonic ancestry]
  1608 | D:3      | Reached XP level 4. HP: 28/32 MP: 5/7
  1902 | D:3      | Learned a level 3 spell: Spider Form
  1909 | D:3      | Reached skill level 4 in Unarmed Combat
  2170 | D:2      | Gained mutation: You have very sharp fingernails. [demonic ancestry]
  2170 | D:2      | Reached XP level 5. HP: 11/37 MP: 2/9
  2478 | D:2      | Found a sparkling altar of Nemelex Xobeh.
  2487 | D:2      | Became a worshipper of Nemelex Xobeh the Trickster
  2497 | D:2      | Received a gift from Nemelex Xobeh
  2595 | D:2      | Acquired Nemelex Xobeh's first power
  2600 | D:2      | Gained mutation: You evolve. [helix card]
  3033 | D:2      | Received a gift from Nemelex Xobeh
  3051 | D:2      | Killed Terence
  3051 | D:2      | Reached skill level 1 in Evocations
  3216 | D:1      | Acquired Nemelex Xobeh's second power
  3286 | D:1      | Noticed Klorghar
  3289 | D:1      | Slain by Klorghar the merfolk

Action                   |  1- 3 |  4- 6 || total
-------------------------+-------+-------++-------
Melee: Unarmed           |   148 |    71 ||   219
 Cast: Beastly Appendage |    27 |     4 ||    31
       Spider Form       |       |     6 ||     6
Evoke: Deck              |       |    24 ||    24
  Use: Potion            |     2 |     1 ||     3
       Scroll            |       |     4 ||     4
 Stab: Sleeping          |     1 |       ||     1
